 Dungeon Crawl Stone Soup version 0.31-a0-1074-g0b22e4e0f1 (webtiles) character file.

Game seed: 1680934548972586489

42382 SheepSpotted the Fencer (level 13, -19/123 HPs)
             Began as a Minotaur Berserker on Nov 21, 2023.
             Was the Champion of Trog.
             Killed by an exploding two-headed ogre (48 damage)
             ... ignited by their inner flame
             ... on level 15 of the Dungeon on Nov 27, 2023.
             The game lasted 02:53:51 (17369 turns).

SheepSpotted the Fencer (Minotaur Berserker)       Turns: 17369, Time: 02:53:52

Health: -19/123    AC: 28    Str: 25    XL:     13   Next: 85%
Magic:  3/12       EV: 17    Int:  4    God:    Trog [******]
Gold:   1110       SH:  8    Dex: 10    Spells: 12/12 levels left

rFire   x . .        j - +4 demon blade (flame)
rCold   + + .        z - +0 kite shield
rNeg    . . .        D - +2 ice dragon scales
rPois   +            (helmet restricted)
rElec   .            b - +0 cloak
rCorr   .            C - +0 pair of gloves {Stlth+}
SInv    .            g - +2 pair of boots
Will    .....        J - amulet of regeneration
Stlth   +            q - +4 ring of protection
HPRegen 1.20/turn    H - +5 ring of evasion
MPRegen 0.13/turn

%: no passive effects
@: no status effects
A: horns 2, retaliatory headbutt, iridescent scales 1, poison resistance, weak
1, MP-powered wands
a: Renounce Religion, Berserk, Trog's Hand, Brothers in Arms


You were on level 15 of the Dungeon.
You worshipped Trog.
Trog was exalted by your worship.
You visited 2 branches of the dungeon, and saw 18 of its levels.
You also visited: Ossuary and Bailey.

You collected 1110 gold pieces.

Inventory:

Hand Weapons
 c - a +6 antimagic long sword
 j - a +4 demon blade of flaming (weapon)
 o - a +4 scimitar of flaming
 r - a +4 spectral club
 x - a +1 shortbow of flaming
 K - a +0 glaive of distortion
 O - a +1 short sword of venom
Missiles
 L - 6 curare-tipped darts
 R - 6 atropa-tipped darts (quivered)
Armour
 b - a +0 cloak (worn)
 g - a +2 pair of boots (worn)
 t - a +0 pair of boots
 w - a +2 pair of gloves
 z - a +0 kite shield (worn)
 C - a +0 pair of gloves of stealth (worn)
 D - +2 ice dragon scales (worn)
Jewellery
 f - an amulet of faith
 q - a +4 ring of protection (left hand)
 H - a +5 ring of evasion (right hand)
 J - an amulet of regeneration (around neck)
Talismans
 v - the beast talisman "Maish" {rC+}
   (You found it on level 12 of the Dungeon)

   [beast talisman]

   rC+:       It protects you from cold.
Wands
 n - a wand of digging (4)
 s - a wand of paralysis (34)
 y - a wand of polymorph (16)
 G - a wand of flame (18)
 N - a wand of light (10)
 V - a wand of mindburst (39)
Scrolls
 a - 14 scrolls of identify
 h - a scroll of revelation
 k - 4 scrolls of amnesia
 m - 2 scrolls of enchant armour
 p - 2 scrolls of brand weapon
 u - a scroll of blinking
 E - a scroll of enchant weapon
 Q - 3 scrolls of teleportation
 Z - 2 scrolls of vulnerability
Potions
 d - 2 potions of degeneration
 e - 6 potions of ambrosia
 i - 2 potions of curing
 A - a potion of heal wounds
 B - 3 potions of mutation
 F - 3 potions of enlightenment
 I - a potion of magic
 P - 4 potions of cancellation
 S - 4 potions of lignification
 U - a potion of haste


   Skills:
 + Level 13.7 Fighting
 + Level 15.3 Long Blades
 + Level 12.2 Axes
 + Level 12.3 Armour
 + Level 9.2 Dodging
 + Level 2.4 Stealth
 + Level 4.1 Shields
 + Level 2.4 Unarmed Combat
 + Level 3.1 Evocations


You had 12 spell levels left.
You didn't know any spells.
Your spell library was empty.

Dungeon Overview and Level Annotations

Branches:
Dungeon (15/15)            Temple (0/1) D:7            Lair (3/5) D:9
  Swamp (0/4) Lair:2        Snake (0/4) Lair:3          Orc (0/2) D:10
 Vaults (0/5) D:14        Ossuary (visited)          Bailey (visited)
 Depths: D:15

Altars:
Elyvilon
Gozag
Hepliaklqana
Xom
Yredelemnul
The Shining One

Shops:
D:4 =(*:   D:14 :

Portals:
Trove: D:13 (give 6 scrolls of fog)


Innate Abilities, Weirdness & Mutations

You have a pair of horns on your head.
You reflexively headbutt those who attack you in melee.
You are partially covered in iridescent scales. (AC +2)
Your system is resistant to poisons. (rPois)
You are weak. (Str -2)
You expend magic power (3 MP) to strengthen your wands.


Message History

Flame seeps out of the two-headed ogre.
The two-headed ogre is almost dead.
The fiery explosion engulfs the two-headed ogre!
Flame seeps out of the two-headed ogre.
The two-headed ogre is moderately wounded.
The fiery explosion engulfs the two-headed ogre!!
Flame seeps out of the two-headed ogre.
The two-headed ogre is heavily wounded.
Read: scroll of fear
Press: ? - help, Q - select action, (/) - cycle Dir - look around, f - activate
As you read the scroll of fear, it crumbles to dust.
You assume a fearsome visage.
The orc knight looks frightened!
The orc looks frightened!
The ogre looks frightened!
The orc sorcerer looks frightened!
The orc looks frightened!
The two-headed ogre looks frightened!
The ogre resists with some effort.
The two-headed ogre looks frightened! x3
The two-headed ogre is engulfed in blazing flames.
Flame seeps out of the two-headed ogre.
The two-headed ogre is engulfed in blazing flames.
Trog accepts your kill.
The two-headed ogre explodes!
The fiery explosion engulfs the orc sorcerer!!
Flame seeps out of the orc sorcerer.
The orc sorcerer is severely wounded.
Your attack snaps the orc sorcerer out of its fear.
The fiery explosion engulfs the orc!!
Trog accepts your kill.
The fiery explosion engulfs the two-headed ogre!!
Trog accepts your kill.
The fiery explosion engulfs the orc knight!!
Flame seeps out of the orc knight.
The orc knight is almost dead.
Your attack snaps the orc knight out of its fear.
The two-headed ogre explodes!
The fiery explosion engulfs the two-headed ogre!!!
Trog accepts your kill.
The two-headed ogre explodes!
The fiery explosion engulfs you!!! The fire burns you terribly!
You die...

.....O......#...#
..........).........
..........)).......
......o.°O.).......
....o)o.O...###..
...§§§O..<.#
##.§○§§###.#
#..§§§§# .# #...@§§#
.# ..........# .#
#.........# .#
..........# ..
..........# ..
..###.....# .
#.###.# #. .#


You could see an orc knight (inner flame, blind), a two-headed ogre (inner
flame, fleeing), an orc sorcerer (inner flame, strong), 2 ogres and an orc
(inner flame, strong, fleeing).

Vanquished Creatures
  An eleionoma (Lair:2)
  An ogre mage (D:15)
  3 centaur warriors
  Erolcha (D:10)
  9 two-headed ogres
  A death knight (D:14)
  5 boulder beetles
  2 tengu warriors
  A swamp dragon (shapeshifter) (D:14)
  2 deep elf pyromancers
  An orc knight (Bailey)
  A cyclops (D:13)
  Pikel (D:5)
  A manticore (D:13)
  4 ugly things (D:14)
  4 cane toads
  3 gargoyles
  Maggie (D:7)
  4 komodo dragons
  2 rime drakes
  2 ice devils (D:12)
  A queen bee (Lair:1)
  4 trolls
  13 blink frogs
  A hornet (Lair:3)
  A raiju (shapeshifter) (D:14)
  A culicivora (shapeshifter) (D:14)
  Sigmund (D:3)
  5 slime creatures (D:12)
  3 wraiths
  A human (D:10)
  A fire bat (Bailey)
  4 vampires
  2 shadows
  A wyvern (D:8)
  20 yaks
  15 vampire mosquitoes
  2 basilisks
  A steam dragon (D:6)
  Edmund (D:6)
  2 acid dragons
  A naga (Lair:3)
  12 water moccasins
  3 sky beasts
  8 orc warriors
  An ice beast (D:7)
  9 wolves
  3 ogres
  12 centaurs
  A phantom (D:5)
  A lemure (D:5)
  2 kobold brigands (D:11)
  10 bullfrogs
  A scorpion (D:5)
  13 wights
  34 killer bees
  2 electric eels (Lair:3)
  2 howler monkeys
  A bullfrog zombie (D:4)
  A crimson imp (D:10)
  A jelly (D:6)
  3 hounds
  5 orc priests
  4 sleepcaps
  A gnoll bouda (Lair:2)
  Terence (D:3)
  Jessica (D:2)
  Ijyb (D:3)
  6 iguanas
  15 orc wizards
  A scorpion zombie (D:4)
  13 mummies (Ossuary)
  7 gnolls
  17 adders
  6 white imps
  6 dart slugs
  77 orcs
  4 endoplasms
  2 giant cockroaches
  8 goblins
  8 hobgoblins
  7 jackals (D:3)
  3 quokkas
  12 ball pythons
  6 bats
  3 frilled lizards
  3 gnoll skeletons (Ossuary)
  2 goblin skeletons (Ossuary)
  15 kobolds
  A kobold skeleton (Ossuary)
  2 orc skeletons (Ossuary)
  6 rats
  11 rat skeletons (Ossuary)
  A butterfly (Lair:2)
506 creatures vanquished.

Vanquished Creatures (collateral kills)
  A hydra (Lair:3)
1 creature vanquished.

Grand Total: 507 creatures vanquished

Notes
Turn   | Place    | Note
-------+----------+-------------------------------------------
     0 | D:1      | SheepSpotted the Minotaur Berserker began the quest for the
                  | Orb.
     0 | D:1      | Reached XP level 1. HP: 19/19 MP: 0/0
   319 | D:1      | Reached skill level 4 in Long Blades
   319 | D:1      | Reached XP level 2. HP: 26/27 MP: 1/1
   931 | D:2      | Noticed Jessica
   939 | D:2      | Killed Jessica
   940 | D:2      | Reached XP level 3. HP: 33/33 MP: 2/2
  1077 | D:2      | Gained mutation: You expend magic power (3 MP) to
                  | strengthen your wands. [potion of mutation]
  1077 | D:2      | Gained mutation: You are weak. (Str -2) [potion of
                  | mutation]
  1077 | D:2      | Gained mutation: Your system is resistant to poisons.
                  | (rPois) [potion of mutation]
  1077 | D:2      | Gained mutation: You are partially covered in iridescent
                  | scales. (AC +2) [potion of mutation]
  1192 | D:2      | Found a shimmering altar of Xom.
  1198 | D:2      | Reached ** piety under Trog
  1432 | D:2      | Reached XP level 4. HP: 40/40 MP: 3/3
  1724 | D:3      | Noticed Ijyb
  1751 | D:3      | Killed Ijyb
  1752 | D:3      | Reached skill level 1 in Axes
  1795 | D:3      | Reached XP level 5. HP: 37/47 MP: 4/4
  1912 | D:3      | Reached *** piety under Trog
  1937 | D:3      | Noticed Sigmund
  1945 | D:3      | Killed Sigmund
  1946 | D:3      | Reached XP level 6. HP: 55/55 MP: 5/5
  1995 | D:3      | Noticed Terence
  2001 | D:3      | Killed Terence
  2002 | D:3      | Reached skill level 5 in Fighting
  2002 | D:3      | Reached skill level 1 in Unarmed Combat
  2466 | D:4      | Found Lyguof's Antique Weapon Emporium.
  2535 | D:4      | Found Tuifoox's Jewellery Shoppe.
  2781 | D:4      | Found Oziob's Assorted Antiques.
  2827 | D:4      | Found a hazy altar of Hepliaklqana.
  2922 | D:4      | Noticed a sky beast
  2932 | D:4      | Killed a sky beast
  2933 | D:4      | Reached skill level 5 in Axes
  2933 | D:4      | Reached XP level 7. HP: 50/61 MP: 6/6
  3050 | D:4      | Found a basalt altar of Yredelemnul.
  3293 | D:4      | Found Bafeam's Book Shoppe.
  3423 | D:5      | Entered Level 5 of the Dungeon
  3425 | D:5      | Noticed Pikel
  3433 | D:5      | Killed Pikel
  3434 | D:5      | Reached skill level 5 in Armour
  3434 | D:5      | Reached XP level 8. HP: 65/70 MP: 7/7
  3437 | D:5      | Reached **** piety under Trog
  3917 | D:5      | Found a glowing drain.
  4444 | D:6      | Reached XP level 9. HP: 37/72 MP: 8/8
  4774 | D:6      | Noticed Edmund
  4781 | D:6      | Killed Edmund
  4835 | D:6      | Reached skill level 10 in Axes
  4872 | D:6      | Reached ***** piety under Trog
  5578 | D:7      | Reached skill level 1 in Stealth
  5845 | D:7      | Noticed Maggie
  5885 | D:7      | Killed Maggie
  5919 | D:7      | Found a staircase to the Ecumenical Temple.
  6623 | D:7      | Reached XP level 10. HP: 86/88 MP: 9/9
  6629 | D:7      | Reached skill level 5 in Dodging
  6834 | D:8      | Found a glowing golden altar of the Shining One.
  6917 | D:8      | Found a sand-covered staircase.
  6928 | Ossuary  | Entered an ossuary
  6995 | Ossuary  | Received a gift from Trog
  7204 | Ossuary  | Reached skill level 5 in Long Blades
  7518 | D:8      | Reached skill level 6 in Long Blades
  8164 | D:9      | Found a flagged portal.
  8171 | Bailey   | Entered a bailey
  8251 | Bailey   | Noticed an orc knight
  8347 | Bailey   | Killed an orc knight
  8348 | Bailey   | Reached skill level 7 in Long Blades
  8418 | Bailey   | Reached skill level 1 in Evocations
  8752 | D:9      | Found a white marble altar of Elyvilon.
  8762 | D:9      | Identified the +5 ring mail "Feri" {Int+3 Slay+3}
  9099 | D:9      | Found a staircase to the Lair.
  9736 | IceCv    | Identified the "Tiong"
  9736 | Lair:1   | Entered Level 1 of the Lair of Beasts
  9747 | Lair:1   | Noticed a cane toad
  9759 | Lair:1   | Killed a cane toad
  9765 | Lair:1   | Reached skill level 8 in Long Blades
  9765 | Lair:1   | Reached XP level 11. HP: 59/97 MP: 10/10
  9988 | Lair:1   | Received a gift from Trog
  9990 | Lair:1   | HP: 2/97 [komodo dragon (19)]
 10228 | Lair:1   | Reached skill level 10 in Armour
 10240 | Lair:1   | Reached skill level 9 in Long Blades
 10838 | Lair:2   | Reached skill level 10 in Long Blades
 10845 | Lair:2   | Reached skill level 10 in Fighting
 10845 | Lair:2   | Noticed an eleionoma
 10854 | Lair:2   | Killed an eleionoma
 10855 | Lair:2   | Found a staircase to the Swamp.
 11232 | Lair:2   | Reached skill level 11 in Long Blades
 11575 | Lair:3   | Found a staircase to the Snake Pit.
 11588 | Lair:3   | Reached XP level 12. HP: 100/108 MP: 11/11
 11647 | Lair:3   | Noticed an eight-headed hydra
 11656 | Lair:3   | Killed a five-headed hydra
 11846 | Lair:3   | Noticed a death yak
 11847 | Lair:3   | Noticed a death yak
 11847 | Lair:3   | Noticed a death yak
 11847 | Lair:3   | Noticed a death yak
 11931 | Lair:3   | Reached skill level 12 in Long Blades
 12132 | D:10     | Entered Level 10 of the Dungeon
 12132 | D:10     | Noticed a two-headed ogre
 12141 | D:10     | Killed a two-headed ogre
 12155 | D:10     | Noticed Erolcha
 12169 | D:10     | Killed Erolcha
 12210 | D:10     | Found an opulent altar of Gozag.
 12300 | D:10     | Received a gift from Trog
 12442 | D:10     | Noticed a two-headed ogre
 12450 | D:10     | Killed a two-headed ogre
 12515 | D:10     | Noticed a two-headed ogre
 12525 | D:10     | Killed a two-headed ogre
 12526 | D:10     | Reached skill level 13 in Long Blades
 12730 | D:10     | Found a staircase to the Orcish Mines.
 14028 | D:12     | Noticed a two-headed ogre
 14031 | D:12     | Noticed a boulder beetle
 14034 | D:12     | Killed a two-headed ogre
 14047 | D:12     | Killed a boulder beetle
 14052 | D:12     | Noticed a boulder beetle
 14083 | D:12     | Killed a boulder beetle
 14084 | D:12     | Reached XP level 13. HP: 119/119 MP: 12/12
 14212 | D:12     | Identified the beast talisman "Maish" {rC+}
 14227 | D:12     | Found a frozen archway.
 14677 | D:12     | Reached skill level 14 in Long Blades
 15084 | D:13     | Reached ****** piety under Trog
 15372 | D:13     | Reached skill level 1 in Shields
 15502 | D:13     | Found a portal to a secret trove of treasure.
 16019 | D:14     | Reached skill level 15 in Long Blades
 16111 | D:14     | Found Bucrodez's Book Shop.
 16461 | D:14     | Found a gate to the Vaults.
 17282 | D:14     | Upgraded the game from 0.31-a0-986-g5e6e4ef867 to
                  | 0.31-a0-1074-g0b22e4e0f1
 17350 | D:15     | Entered Level 15 of the Dungeon
 17363 | D:15     | Received a gift from Trog
 17369 | D:15     | Killed by an exploding two-headed ogre... ignited by their
                  | inner flame

Illustrated notes

Levels and vault maps discovered:
D:1:      heliophobic_arrival_ceremonial_halls, layout_loops_ring,
          dreamdust_princess_corridor
D:2:      layout_basic, basic_altar, minmay_snake_closets, uniq_jessica
D:3:      layout_loops_ring, uniq_ijyb, uniq_terence, uniq_sigmund
D:4:      layout_loops_ring, lemuel_zombie_altar_yredelemnul,
          mainiacjoe_overflow_concentric_impassable, serial_shops,
          nicolae_inconvenience_store, nicolae_shop_overgrown_old_shop,
          nicolae_shop_temple_entry_statues_fountains, shop
D:5:      layout_basic, portal_sewer_entry_d, chequers_serial_rivers_room_a,
          minmay_increasing_density, uniq_pikel
D:6:      layout_cave_pods, uniq_edmund
D:7:      layout_layer_cave, temple_green, uniq_maggie
D:8:      layout_loops_ring, mainiacjoe_overflow_24_doors,
          mainiacjoe_ossuary_entry_dusty_tomb
D:9:      layout_loops_ring, elyvilon_altar_3, lair_entry_dummy, enter_bailey_3
D:10:     layout_roguey, grunt_gozag_breadcrumbs, hiddenorc2_lemuel,
          serial_glass, glass_columns_b, glass_columns_b, glass_columns_c,
          glass_columns_c, glass_columns_c, item_on_display_a, feat_on_display,
          minivault_10, grunt_ministairs_2, hangedman_stone_soup, uniq_erolcha
D:11:     layout_long_grid, grunt_ministairs_2
D:12:     layout_cross, portal_ice_cave_demonic_guard,
          hangedman_abyss_or_decor_stabs, dk_noncrumbling_2
D:13:     layout_roguey, nicolae_trove_entry_crystal,
          minmay_fractal_squares_gapless_5
D:14:     layout_layer_cave, david_vaults_2, glass_columns_a, serial_shops, shop
D:15:     gammafunk_enter_depths_forms, layout_long_grid,
          trog_three_pillars_becter, biasface_ghost_orc_armoury,
          grunt_tough_drop
Lair:1:   layout_small_grid, special_room [special_room_bee],
          gauntlet_entry_generic
Lair:2:   layout_hall_layers, alex1729_swamp_entry_worm_eleionoma, minivault_24,
          dreamdust_gnoll_shepherd, grunt_megastairs_3, lemuel_fruit_fields
Lair:3:   layout_roguey, guppyfry_snake_entry_island, minmay_stone_trees_small,
          infiniplex_staircase_pool_2, serial_bayou_shore_a

Skill      XL: |  1  2  3  4  5  6  7  8  9 10 11 12 13 |
---------------+----------------------------------------+-----
Long Blades    | 4 8 11 13 15 | 15.3
Fighting       | 4 5 6 8 9 10 12 13 | 13.7
Armour         | 3 4 5 6 8 9 10 11 12 | 12.3
Dodging        | 3 4 5 7 8 9 |  9.2
Axes           | 1 3 5 7 9 11 12 | 12.2
Unarmed Combat | 1 2 |  2.4
Stealth        | 1 2 |  2.4
Evocations     | 2 3 |  3.1
Shields        | 4 |  4.1

Action                     |  1- 3 |  4- 6 |  7- 9 | 10-12 | 13-15 || total
---------------------------+-------+-------+-------+-------+-------++-------
  Melee: Falchion          |    58 |       |       |       |       ||    58
         Headbutt          |     8 |    13 |    32 |   157 |    66 ||   276
         Punch             |     1 |     1 |     1 |    19 |       ||    22
         War axe           |     9 |    95 |   191 |    35 |       ||   330
         Unarmed           |       |    17 |    27 |       |       ||    44
         Scimitar          |       |       |       |   558 |       ||   558
         Demon blade       |       |       |       |   177 |   271 ||   448
 Invoke: Berserk           |       |       |       |     4 |     1 ||     5
         Trog's Hand       |       |       |       |     2 |     1 ||     3
         Brothers in Arms  |       |       |       |     1 |     1 ||     2
  Evoke: Wand              |       |       |       |    25 |     7 ||    32
    Use: Potion            |     3 |     1 |     8 |    11 |     5 ||    28
         Scroll            |     2 |       |     7 |    11 |     6 ||    26
 Armour: Leather armour    |    30 |       |       |       |       ||    30
         Chain mail        |    16 |    98 |   158 |   147 |       ||   419
         Skin              |       |    10 |     5 |       |       ||    15
         Ice dragon scales |       |       |       |   653 |   170 ||   823
         Plate armour      |       |       |       |    13 |       ||    13
  Dodge: Dodged            |    38 |    73 |    98 |   620 |   144 ||   973
  Block: Kite shield       |       |       |       |       |    78 ||    78

Table legend: (Time is in decaauts)
 A = Elapsed time spent in this place.
 B = Non-inter-level travel time spent in this place.
 C = Inter-level travel time spent in this place.
 D = Time resting spent in this place.
 E = Time spent auto-exploring this place.
 F = Levels seen in this place.
 G = Mean time per level.
                   A        B        C        D        E       F      G
               +--------+--------+--------+--------+--------+-----+--------+
         Total |  17255 |   3631 |  13624 |      0 |      7 |  20 |  862.8 |
       Dungeon |  14149 |   2244 |  11905 |      0 |      7 |  15 |  943.3 |
          Lair |   2307 |    588 |   1719 |      0 |      0 |   3 |  769.0 |
       Ossuary |    316 |    316 |      0 |      0 |      0 |   1 |  316.0 |
        Bailey |    482 |    482 |      0 |      0 |      0 |   1 |  482.0 |
               +--------+--------+--------+--------+--------+-----+--------+

Top non-repeatable levels by time:
    D:14: 1324 daAuts
     D:7: 1243 daAuts
     D:9: 1206 daAuts
     D:6: 1142 daAuts
    D:13: 1104 daAuts
  Lair:1: 1070 daAuts
     D:5: 1014 daAuts
     D:8: 978 daAuts
     D:4: 975 daAuts
    D:10: 929 daAuts
    D:11: 897 daAuts
     D:1: 882 daAuts
     D:2: 844 daAuts
    D:12: 821 daAuts
  Lair:2: 813 daAuts
